 Dungeon Crawl Stone Soup version 0.23-a0-305-g7ffd15e (webtiles) character file.

22131 galech the Cleaver (level 12, -18/96 HPs)
             Began as a Demonspawn Fighter on Oct 9, 2018.
             Was a High Priest of Okawaru.
             Demolished by an orc knight
             ... wielding a +3 long sword of electrocution
              (33 damage)
             ... on level 1 of the Orcish Mines.
             The game lasted 00:22:33 (15935 turns).

galech the Cleaver (Demonspawn Fighter)            Turns: 15935, Time: 00:22:34

Health: -18/96     AC: 25    Str: 16    XL:     12   Next: 60%
Magic:  13/14      EV:  9    Int: 11    God:    Okawaru [*****.]
Gold:   1121       SH: 13    Dex: 17    Spells: 11/11 levels left

rFire    + + +     SeeInvis .   t - +4 broad axe (chop)
rCold    + . .     Gourm    .   c - +0 shield
rNeg     . . .     Faith    .   O - +2 plate armour {rF+}
rPois    .         Spirit   .   b - +0 helmet
rElec    .         Reflect  .   a - scarf {rC+ rF+}
rCorr    .         Harm     .   (no gloves)
MR       .....                  (no boots)
Stlth    ..........             r - amulet of rage
HPRegen  0.26/turn              u - ring of flight
MPRegen  0.14/turn              y - ring of protection from fire

@: heroism
A: iridescent scales 3, powered by death 2, rot immunity
a: Heroism, Finesse, Renounce Religion, Evoke Berserk Rage, Evoke Flight


You were on level 1 of the Orcish Mines.
You worshipped Okawaru.
Okawaru was extremely pleased with you.
You were not hungry.

You visited 2 branches of the dungeon, and saw 15 of its levels.
You also visited: Ossuary.

You collected 1170 gold pieces.
You spent 49 gold pieces at shops.

Inventory:

Hand Weapons
 t - a +4 broad axe of chopping (weapon)
 K - a +0 hand axe of flaming
 L - a +5 war axe of freezing
 P - a +1 vampiric hand axe
Armour
 a - a scarf of resistance (worn)
 b - a +0 helmet (worn)
 c - a +0 shield (worn)
 C - a +1 plate armour of cold resistance
 O - a +2 plate armour of fire resistance (worn)
Jewellery
 r - an amulet of rage (around neck)
 u - a ring of flight (left hand)
 y - a ring of protection from fire (right hand)
Wands
 x - a wand of clouds (7)
 H - a wand of polymorph (11)
 J - a wand of scattershot (5)
Scrolls
 g - a scroll of blinking
 h - a scroll of immolation
 i - 6 scrolls of teleportation
 j - 2 scrolls of remove curse
 s - 5 scrolls of random uselessness
 w - 2 scrolls of enchant armour
 z - 2 scrolls of fear
 D - 2 scrolls of vulnerability
 E - a scroll of torment
 M - a scroll of magic mapping
Potions
 d - 2 potions of might
 e - 3 potions of curing
 k - 4 potions of haste
 l - 3 potions of cancellation
 m - a potion of magic {unknown}
 n - 3 potions of berserk rage {unknown}
 o - a potion of invisibility {unknown}
 p - 2 potions of lignification {unknown}
 q - 5 potions of mutation
 v - a potion of agility {unknown}
 B - a potion of brilliance {unknown}
 F - a potion of flight {unknown}
 I - a potion of heal wounds {unknown}
Comestibles
 f - 15 rations


   Skills:
 + Level 9.4(14.4) Fighting
 + Level 12.8(17.8) Axes
 + Level 8.2(13.2) Armour
 + Level 3.4(8.4) Dodging
 + Level 1.3(6.3) Stealth
 + Level 8.9(13.9) Shields
 + Level 3.1 Invocations


You had 11 spell levels left.
You didn't know any spells.
Your spell library contained the following spells:

 Spells                   Type           Power        Failure   Level  Hunger
 Infusion                 Chrm           #...         100%        1    ##.....
 Shroud of Golubria       Chrm/Tloc      #.........   100%        2    ###....
 Song of Slaying          Chrm           #.......     100%        2    ###....
 Regeneration             Chrm/Necr      #.........   100%        3    ####...
 Spectral Weapon          Hex/Chrm       #.......     100%        3    ####...
 Bolt of Magma            Conj/Fire/Erth #.........   100%        5    ######.
 Iskenderun's Battlesphe  Conj/Chrm      #.......     100%        5    ######.
 Venom Bolt               Conj/Pois      #.........   100%        5    ######.
 Iron Shot                Conj/Erth      #.........   100%        6    #######
 Orb of Destruction       Conj           #.........   100%        7    #######
 Spellforged Servitor     Conj/Summ      #.........   100%        7    #######


Dungeon Overview and Level Annotations

Branches:
Dungeon (13/15)            Temple (0/1) D:6            Lair (0/6) D:11
    Orc (2/2) D:10            Elf (0/3) Orc:2
 Vaults: D:13-14

Altars:
Cheibriados
Elyvilon
Fedhas
Kikubaaqudgha
Makhleb
Okawaru
Ru
Sif Muna
Trog
Vehumet
Wu Jian
The Shining One

Shops:
D:4 (   D:11 *

Annotations:
D:10 3 runed doors, George's ghost, novice MiFi
D:11 2 runed doors, MisterFreud's ghost, journeyman KoBe


Innate Abilities, Weirdness & Mutations

You are completely covered in iridescent scales. (AC +6)
You regenerate health from kills.
You are immune to rotting.


Message History

You hit the orc knight.
The orc knight hits you with a long sword of electrocution!!
You are electrocuted!
* * * LOW HITPOINT WARNING * * *
The orc knight hits you with a long sword.
* * * LOW HITPOINT WARNING * * *
You closely miss the orc knight.
The orc knight is almost dead.
You barely miss the orc knight.
The orc knight hits you with a long sword of electrocution.
* * * LOW HITPOINT WARNING * * *
You closely miss the orc knight.
The orc knight is almost dead.
You slash the orc knight! You block the orc knight's attack.
Unknown command.
You hit the orc knight.
The orc knight is almost dead.
You hit the orc knight but do no damage.
The orc knight hits you with a long sword of electrocution!!
You die...

#######.......#....#
##.#.#....#.......##
#.............#.#####
##..........#.#.#.#.#
#.......)............
##......#...#...#.#.#
##(.........#....#####
##...)[o....#....###.##
##.....@>..)......#.....
#.....o[[).#...........#
##......[[............##
#....................#..
##......................
#.......................
#.........#.......###...
#...#.##........##.#....
##...##...##............


You could see 2 orc knights.

Vanquished Creatures
  An orc warlord (Orc:1)
  A very ugly thing (D:10)
  An ettin (Orc:1)
  A hydra (D:8)
  Harold (D:8)
  2 orc high priests (Orc:2)
  Nergalle (Orc:1)
  A glowing orange brain (D:10)
  An orc knight (Orc:2)
  Pikel (D:8)
  4 ugly things (D:10)
  Joseph (D:8)
  2 centaur zombies
  A gargoyle (D:11)
  3 trolls
  2 dream sheep (D:8)
  3 hippogriffs (D:11)
  6 yaks
  2 hungry ghosts
  Eustachio (D:5)
  Menkaure (D:5)
  3 wargs
  An acid dragon (D:11)
  A water moccasin (D:10)
  23 orc warriors
  2 black bears
  2 sky beasts
  4 slaves (D:8)
  3 phantoms
  8 ogres
  9 centaurs
  A crocodile (D:8)
  3 big kobolds (D:8)
  2 elf zombies (Ossuary)
  4 bullfrogs
  A water moccasin zombie (D:9)
  A wyvern zombie (D:7)
  3 scorpions
  5 killer bees (D:8)
  14 wights
  6 crimson imps
  2 howler monkeys (D:7)
  Crazy Yiuf (D:7)
  8 hounds
  20 orc wizards
  2 bullfrog zombies
  3 centaur skeletons
  14 orc priests
  A bullfrog skeleton (D:9)
  4 jellies
  3 iguanas
  Jessica (D:2)
  5 worker ants
  2 hound zombies
  A hound skeleton (D:6)
  2 mummies (Ossuary)
  Robin (D:3)
  A worker ant zombie (D:5)
  4 gnolls (D:6)
  13 adders
  A shadow imp (D:9)
  An adder skeleton (D:8)
  4 adder zombies (Ossuary)
  3 worms
  3 dart slugs
  4 leopard geckos
  80 orcs
  2 ball pythons
  6 giant cockroaches
  21 goblins
  5 hobgoblins
  9 jackals
  2 quokkas
  A ball python zombie (D:5)
  5 bats
  2 frilled lizards
  5 hobgoblin zombies (Ossuary)
  3 jackal zombies (Ossuary)
  10 kobolds
  13 kobold zombies (Ossuary)
  A leopard gecko skeleton (D:6)
  10 orc zombies (Ossuary)
  A quokka skeleton (D:4)
  3 rats (D:1)
  A fungus (D:7)
417 creatures vanquished.

Vanquished Creatures (others)
  2 orcs
  A jackal (D:11)
3 creatures vanquished.

Grand Total: 420 creatures vanquished

Notes
Turn   | Place    | Note
-------+----------+-------------------------------------------
     0 | D:1      | galech the Demonspawn Fighter began the quest for the Orb.
     0 | D:1      | Reached XP level 1. HP: 18/18 MP: 1/1
   155 | D:1      | Gained mutation: You regenerate a little health from kills.
                  | [demonic ancestry]
   155 | D:1      | Reached XP level 2. HP: 22/24 MP: 2/2
   362 | D:1      | Reached skill level 2 in Axes
   755 | D:2      | Gained mutation: You are immune to rotting. [demonic
                  | ancestry]
   755 | D:2      | Reached XP level 3. HP: 16/30 MP: 3/3
  1010 | D:2      | Gained mutation: You are partially covered in iridescent
                  | scales. (AC +2) [demonic ancestry]
  1010 | D:2      | Reached XP level 4. HP: 23/37 MP: 4/4
  1045 | D:2      | Noticed Jessica
  1069 | D:2      | Killed Jessica
  1356 | D:2      | Found an iron altar of Okawaru.
  1386 | D:2      | Became a worshipper of Warmaster Okawaru
  1417 | D:2      | Found a deep blue altar of Sif Muna.
  2410 | D:3      | Reached XP level 5. HP: 42/42 MP: 5/5
  2443 | D:3      | Found an ornate altar of the Wu Jian Council.
  2484 | D:3      | Noticed Robin
  2492 | D:3      | Killed Robin
  2495 | D:3      | Reached skill level 3 in Axes
  2764 | D:3      | Found a bloodstained altar of Trog.
  3315 | D:4      | Found Potrac's Antique Weapon Emporium.
  3559 | D:5      | Entered Level 5 of the Dungeon
  3638 | D:5      | Reached XP level 6. HP: 17/49 MP: 6/6
  4021 | D:5      | Noticed a sky beast
  4069 | D:5      | Killed a sky beast
  4069 | D:5      | Reached * piety under Okawaru
  4069 | D:5      | Reached skill level 4 in Axes
  4419 | D:5      | Reached XP level 7. HP: 52/55 MP: 7/7
  4422 | D:5      | Noticed Menkaure
  4471 | D:5      | HP: 2/55 [Menkaure (8)]
  4472 | D:5      | Killed Menkaure
  4558 | D:5      | Found a radiant altar of Vehumet.
  5332 | D:6      | Reached skill level 5 in Axes
  5383 | D:6      | Noticed Eustachio
  5426 | D:5      | Killed Eustachio
  5426 | D:5      | Reached skill level 5 in Fighting
  5697 | D:6      | Reached ** piety under Okawaru
  5697 | D:6      | Gained mutation: You are mostly covered in iridescent
                  | scales. (AC +4) [demonic ancestry]
  5697 | D:6      | Reached XP level 8. HP: 44/62 MP: 8/8
  5796 | D:6      | Found a staircase to the Ecumenical Temple.
  5916 | D:6      | Reached skill level 1 in Dodging
  6176 | D:6      | Reached skill level 5 in Shields
  6237 | D:6      | Reached skill level 6 in Axes
  6243 | D:6      | Reached skill level 5 in Armour
  6575 | D:6      | Found a glowing golden altar of the Shining One.
  6578 | D:6      | Found a sacrificial altar of Ru.
  6588 | D:6      | Found a burning altar of Makhleb.
  6591 | D:6      | Found a blossoming altar of Fedhas.
  6927 | D:7      | Reached *** piety under Okawaru
  6946 | D:7      | Reached skill level 7 in Axes
  7122 | D:7      | Reached XP level 9. HP: 51/69 MP: 9/9
  7191 | D:7      | Paralysed by fainting for 12 turns
  7990 | D:7      | Found a runed door.
  7994 | D:7      | Noticed Crazy Yiuf
  8001 | D:7      | Killed Crazy Yiuf
  8210 | D:8      | Noticed Harold
  8238 | D:8      | Killed Harold
  8238 | D:8      | Reached **** piety under Okawaru
  8238 | D:8      | Reached skill level 8 in Axes
  8320 | D:8      | Found a sand-covered staircase.
  8373 | Ossuary  | Entered an ossuary
  8755 | D:8      | Noticed Joseph
  8760 | D:8      | Reached skill level 9 in Axes
  8779 | D:8      | Reached XP level 10. HP: 50/77 MP: 7/10
  8793 | D:8      | Killed Joseph
  9148 | D:8      | Found a white marble altar of Elyvilon.
  9270 | D:8      | Noticed Pikel
  9364 | D:8      | Killed Pikel
  9589 | D:8      | Reached ***** piety under Okawaru
 10103 | D:8      | Noticed a three-headed hydra
 10111 | D:8      | Killed a one-headed hydra
 10111 | D:8      | Received a gift from Okawaru
 10111 | D:8      | Reached skill level 10 in Axes
 10111 | D:8      | Reached skill level 1 in Invocations
 10986 | D:9      | Found a snail-covered altar of Cheibriados.
 11157 | D:9      | Gained mutation: You regenerate health from kills. [demonic
                  | ancestry]
 11157 | D:9      | Reached XP level 11. HP: 65/86 MP: 11/11
 11252 | D:10     | Entered Level 10 of the Dungeon
 11598 | D:10     | Found an ancient bone altar of Kikubaaqudgha.
 11614 | D:10     | Found a staircase to the Orcish Mines.
 12186 | D:10     | You fall through a shaft for 3 floors!
 12646 | D:10     | Found a runed gate.
 12646 | D:10     | Found a runed gate.
 12648 | D:10     | Found a runed gate.
 12649 | D:10     | Noticed a red ugly thing
 12652 | D:10     | Noticed a white ugly thing
 12653 | D:10     | Noticed a purple ugly thing
 12715 | D:10     | Noticed a purple ugly thing
 12715 | D:10     | Noticed a glowing orange brain
 12715 | D:10     | Noticed a purple very ugly thing
 12833 | D:11     | Found a runed door.
 12850 | D:11     | Found a runed door.
 12850 | D:11     | Noticed a fire giant
 12850 | D:11     | Noticed a fire dragon
 12850 | D:11     | Noticed a skeletal warrior
 12850 | D:11     | Noticed a necromancer
 12851 | D:11     | Noticed a skeletal warrior
 12851 | D:11     | Noticed a lich
 12851 | D:11     | Noticed MisterFreud's ghost (journeyman KoBe)
 12898 | D:11     | Found Dosmawn's General Store.
 12903 | D:11     | Bought a scroll of magic mapping for 49 gold pieces
 13110 | D:11     | Reached skill level 11 in Axes
 13248 | D:11     | Found a staircase to the Lair.
 13578 | D:10     | Killed a purple very ugly thing
 13578 | D:10     | Reached skill level 1 in Stealth
 13592 | D:10     | Killed a purple ugly thing
 13600 | D:10     | Killed a green ugly thing
 13619 | D:10     | Killed a brown ugly thing
 13619 | D:10     | Received a gift from Okawaru
 13633 | D:10     | Killed a green ugly thing
 13641 | D:10     | Killed a glowing orange brain
 13647 | D:10     | Found a runed gate.
 13647 | D:10     | Found a runed gate.
 13982 | D:10     | Found a runed gate.
 13988 | D:10     | Noticed George's ghost (novice MiFi)
 14045 | Orc:1    | Entered Level 1 of the Orcish Mines
 14055 | Orc:1    | Noticed an ettin
 14200 | Orc:1    | Killed an ettin
 14200 | Orc:1    | Gained mutation: You are completely covered in iridescent
                  | scales. (AC +6) [demonic ancestry]
 14200 | Orc:1    | Reached XP level 12. HP: 25/94 MP: 6/14
 14258 | Orc:1    | Noticed a stone giant
 14465 | Orc:1    | Noticed Nergalle
 14482 | Orc:1    | Killed Nergalle
 14482 | Orc:1    | Reached skill level 12 in Axes
 14494 | Orc:1    | Noticed an orc warlord
 14537 | Orc:1    | Killed an orc warlord
 14840 | Orc:2    | Entered Level 2 of the Orcish Mines
 14850 | Orc:2    | Noticed an orc high priest
 14868 | Orc:2    | Killed an orc high priest
 15155 | Orc:2    | Found a staircase to the Elven Halls.
 15161 | Orc:2    | Paralysed by an orc sorcerer for 6 turns
 15443 | Orc:2    | Noticed an orc high priest
 15449 | Orc:2    | Noticed an orc high priest
 15458 | Orc:2    | Killed an orc high priest
 15585 | Orc:1    | HP: 1/96 [orc knight/long sword (22)]
 15935 | Orc:1    | Demolished by an orc knight

Vault maps used:
D:1:      lightli_arrival_statue_moat
D:2:      okawaru_gym_becter, lemuel_blue_sif_altar, uniq_jessica
D:3:      nicolae_overflow_crystal_walls, trog_book, uniq_robin
D:4:      serial_shops, nicolae_shop_waterfront, first_ration
D:5:      lemuel_round_altar, grunt_decor_cap, minivault_11, uniq_menkaure
D:6:      grunt_temple_overflow_cloverleaf, minmay_temple_entry_junction,
          grunt_ministairs_15, uniq_eustachio
D:7:      uniq_crazy_yiuf_cottage
D:8:      overflow_temple_1_default, nicolae_ossuary_entry_false_entrances,
          hangedman_ranch, kennysheep_generic_room_12, uniq_pikel, uniq_harold,
          uniq_joseph
D:9:      cheibrodos_worm_habitat
D:10:     orc_0_dummy, basic_altar, ploomutoo_gammafunk_ghost_potion_laboratory
D:11:     lair_entry_dummy, serial_shops, kennysheep_mini_moat,
          muffindrake_ghost_dual_entry
D:12:     ploomutoo_gammafunk_ghost_potion_laboratory, uniq_erolcha
D:13:     basic_altar, nicolae_sextant, uniq_sonja, uniq_rupert
Orc:1:    uniq_nergalle
Orc:2:    st_orc_congregation
Ossuary:  ossuary_tomb_1

Skill      XL: |  1  2  3  4  5  6  7  8  9 10 11 12 |
---------------+-------------------------------------+-----
Axes           | 2 3 4 5 7 9 10 11 12 | 12.8
Shields        | 3 4 5 6 7 8 |  8.9
Armour         | 3 4 5 6 7 8 |  8.2
Fighting       | 4 5 6 7 8 9 |  9.4
Dodging        | 1 2 3 |  3.4
Invocations    | 1 2 3 |  3.1
Stealth        | 1 |  1.3

Action                   |  1- 3 |  4- 6 |  7- 9 | 10-12 || total
-------------------------+-------+-------+-------+-------++-------
Melee: War axe           |    75 |   290 |   652 |   560 ||  1577
       Hand axe          |       |       |       |   401 ||   401
       Broad axe         |       |       |       |    86 ||    86
Invok: Heroism           |       |       |     5 |    16 ||    21
       Finesse           |       |       |       |     4 ||     4
  Use: Potion            |       |     1 |     1 |     3 ||     5
       Scroll            |       |       |     7 |    11 ||    18
  Eat: Chunk             |       |    12 |    13 |    23 ||    48
       Ration            |       |       |     5 |     1 ||     6
Armor: Scale mail        |    46 |    58 |    81 |   285 ||   470
       Plate armour      |       |   153 |   368 |    98 ||   619
Dodge: Dodged            |    24 |    42 |    98 |   303 ||   467
Block: Shield            |    44 |   155 |   317 |   535 ||  1051

Table legend:
 A = Non-vault XP
 B = Vault XP
 C = Vault XP percentage of total XP
 D = Non-vault monster count
 E = Vault monster count
 F = Vault count percentage of total count
                 A         B        C        D         E       F
            +---------+---------+-------+---------+---------+-------
      Total |   20008 |   11608 |  36.7 |     323 |      90 |  21.8
            +---------+---------+-------+---------+---------+-------
        D:1 |      23 |       0 |   0.0 |      13 |       0 |   0.0
        D:2 |     119 |      37 |  23.7 |      28 |       1 |   3.4
        D:3 |      37 |      34 |  47.9 |      12 |      11 |  47.8
        D:4 |      62 |       0 |   0.0 |       5 |       0 |   0.0
        D:5 |     605 |     371 |  38.0 |      24 |       2 |   7.7
        D:6 |     914 |      16 |   1.7 |      32 |       2 |   5.9
        D:7 |    1288 |      42 |   3.2 |      25 |       1 |   3.8
        D:8 |    1601 |    4393 |  73.3 |      32 |      12 |  27.3
        D:9 |    1671 |       5 |   0.3 |      24 |       1 |   4.0
       D:10 |    2087 |    4280 |  67.2 |      31 |       6 |  16.2
       D:11 |    3012 |       0 |   0.0 |      31 |       0 |   0.0
       D:12 |     454 |       0 |   0.0 |       1 |       0 |   0.0
      Orc:1 |    5404 |     936 |  14.8 |      42 |       2 |   4.5
      Orc:2 |    2731 |    1217 |  30.8 |      23 |      13 |  36.1
    Ossuary |       0 |     277 | 100.0 |       0 |      39 | 100.0
            +---------+---------+-------+---------+---------+-------
